 Dungeon Crawl Stone Soup version 0.32-a0-12-g7fc57aa741 (webtiles) character file.

Game seed: 12197432311306068187

273359 octoduck the Cloud Mage (level 21, -11/161 HPs)
             Began as a Djinni Conjurer on Jan 7, 2024.
             Was the Champion of Makhleb.
             Mangled by a spriggan defender
             ... wielding a +5 quick blade of draining
              (25 damage)
             ... on level 3 of the Depths on Jan 14, 2024.
             The game lasted 04:05:42 (47317 turns).

octoduck the Cloud Mage (Djinni Conjurer)          Turns: 47317, Time: 04:05:42

Health: -11/161    AC: 11    Str:  8    XL:     21   Next: 14%
Gold:   2848       EV: 19    Int: 27    God:    Makhleb [******] SH: 14 Dex: 17

rFire   + + +        x - +6 mace "Canla" {elec, rPois rCorr Dex+3 SInv}
rCold   + + .        M - +2 kite shield {rC+}
rNeg    . . .        a - +2 robe {rC+ rF+}
rPois   ∞            J - +0 helmet
rElec   .            l - scarf {repulsion}
rCorr   +            D - +1 pair of gloves
SInv    +            (boots unavailable)
Will    ++...        p - amulet of regeneration
Stlth   +++          I - +4 ring of protection
HPRegen 1.26/turn    G - ring of protection from cold
MPRegen 0.00/turn

%: repel missiles, infuse magic (-12 HP)
@: death channelling, flying, studying Air Magic
A: sickness immunity, fire resistance 2, cold vulnerability 1, float, innate
caster, HP casting, extra vitality 1
}: 2/15 runes: decaying, serpentine
a: Renounce Religion, Minor Destruction, Lesser Servant of Makhleb, Major
Destruction, Greater Servant of Makhleb


You were on level 3 of the Depths.
You worshipped Makhleb.
Makhleb was exalted by your worship.
You visited 7 branches of the dungeon, and saw 34 of its levels.
You also visited: Bailey.

You collected 4213 gold pieces.
You spent 1365 gold pieces at shops.

Inventory:

Hand Weapons
 x - the +6 mace "Canla" (weapon) {elec, rPois rCorr Dex+3 SInv}
   (You found it on level 15 of the Dungeon)

   Dex+3:     It affects your dexterity (+3).
   rPois:     It protects you from poison SInv: It lets you see invisible.
   rCorr:     It protects you from acid and corrosion.
Missiles
 i - 3 atropa-tipped darts
 u - 11 curare-tipped darts
 z - 6 silver javelins
 A - 6 datura-tipped darts
Armour
 a - a +2 robe of resistance (worn)
 l - a scarf of repulsion (worn)
 D - a +1 pair of gloves (worn)
 J - a +0 helmet (worn)
 M - a +2 kite shield of cold resistance (worn)
 O - a +1 tower shield of reflection
Magical Staves
 E - a staff of conjuration
Jewellery
 p - an amulet of regeneration (around neck)
 s - a +4 ring of protection
 v - a ring of positive energy
 G - a ring of protection from cold (right hand)
 I - a +4 ring of protection (left hand)
 V - the ring of Huppahud {rPois Will+ rCorr SInv}
   (You found it on level 2 of the Lair of Beasts)

   [ring of willpower]

   rPois:     It protects you from poison Will+: It increases your willpower.
   SInv:      It lets you see invisible.
   rCorr:     It protects you from acid and corrosion.
Wands
 e - a wand of polymorph (9)
 g - a wand of roots (33)
 q - a wand of flame (68)
 C - a wand of mindburst (35)
 F - a wand of paralysis (35)
 N - a wand of quicksilver (24)
 T - a wand of digging (7)
Scrolls
 b - 7 scrolls of enchant weapon
 d - 2 scrolls of blinking
 f - 2 scrolls of poison
 k - 16 scrolls of teleportation
 o - 3 scrolls of immolation
 r - 3 scrolls of butterflies
 t - 3 scrolls of torment
 H - 4 scrolls of fog
 L - 4 scrolls of fear
 P - a scroll of vulnerability
 U - 4 scrolls of brand weapon
 Z - 3 scrolls of enchant armour
Potions
 c - a potion of lignification
 h - 9 potions of haste
 j - 15 potions of curing
 m - 2 potions of cancellation
 n - 3 potions of resistance
 B - 2 potions of berserk rage
 K - 2 potions of attraction
 Q - 6 potions of might
 R - a potion of brilliance
 W - 4 potions of enlightenment
 X - a potion of mutation
 Y - 3 potions of heal wounds
Miscellaneous
 w - a box of beasts


   Skills:
 + Level 17.6 Fighting
 - Level 14.8 Dodging
 - Level 5.8 Stealth
 - Level 11.1 Shields
 + Level 17.5 Spellcasting
 + Level 17.5 Conjurations
 + Level 17.5 Hexes
 + Level 17.5 Summonings
 + Level 17.5 Necromancy
 + Level 17.5 Translocations
 + Level 17.5 Fire Magic
 + Level 17.5 Ice Magic
 + Level 21.4 Air Magic
 + Level 17.5 Earth Magic
 + Level 17.5 Alchemy
 - Level 14.3 Invocations
 + Level 5.6 Evocations


You knew the following spells:

 Your Spells              Type           Power      Damage    Failure   Level
a - Magic Dart            Conj           100%       1d8       0%          1
b - Searing Ray           Conj           100%       2d8       0%          2
c - Fulminant Prism       Conj/Alch      43%        3d19      1%          4
d - Iskenderun's Mystic   Conj/Tloc      87%        2d17      1%          4
e - Summon Small Mammal   Summ           100%       N/A       0%          1
f - Blink                 Tloc           100%       N/A       0%          2
g - Scorch                Fire           100%       2d9       0%          2
h - Frozen Ramparts       Ice            100%       1d16      0%          3
i - Summon Lightning Spi  Summ/Air       91%        N/A       1%          4
j - Freezing Cloud        Conj/Ice/Air   45%        6-21      1%          5
k - Plasma Beam           Fire/Air       45%        2x1d60    1%          6
l - Death Channel         Necr           43%        N/A       1%          6
m - Ozocubu's Refrigerat  Ice            43%        4d17      4%          7
n - Maxwell's Capacitive  Air            48%        ∞         6%          8
Your spell library was empty.

Dungeon Overview and Level Annotations

Branches:
Dungeon (15/15)            Temple (1/1) D:4            Lair (5/5) D:9
  Swamp (4/4) Lair:3        Snake (4/4) Lair:3        Slime (0/5) Lair:5
    Orc (2/2) D:12            Elf (0/3) Orc:2        Vaults (0/5) D:13
 Depths (3/4) D:15         Bailey (visited)

Altars:
Ashenzari
Cheibriados
Dithmenos
Elyvilon
Fedhas
Gozag
Hepliaklqana
Makhleb
Nemelex Xobeh
Okawaru
Qazlal
Ru
Trog
Uskayaw
Wu Jian
Xom
Yredelemnul
Zin
The Shining One

Shops:
D:1 (   D:13 *[?(   D:14 (   Orc:1 (   Orc:2 [*[?   Snake:4 ==:

Portals:
Hell: Depths:1 Depths:2
Pandemonium: Depths:2
Ziggurat: Depths:1

Annotations:
D:4 Edmund
D:9 3 runed translucent doors, olddryhag's ghost, novice TrSh
D:14 2 transporters
Lair:4 2 transporters, yetimobile's ghost, journeyman DjSh


Innate Abilities, Weirdness & Mutations

You are immune to sickness and miasma.
You are immune to poison.
Your flesh is very heat resistant. (rF++)
You are vulnerable to cold. (rC-)
You float through the air rather than walking.
You learn spells naturally, not from books.
Your magical power is your life essence.
You have superior vitality. (+4 MHP)


Message History

The spriggan defender is almost dead.
The spriggan defender barely misses you.
You block the spriggan defender's attack.
Something hits your spectral rakshasa.
Your spectral rakshasa is destroyed!
Your spectral rakshasa is engulfed in freezing vapours.
Your spectral spriggan air mage hits the spriggan defender but does no damage.
The spriggan defender blocks your attack.
The spriggan defender is almost dead.
You block the spriggan defender's attack. x3
The spriggan defender hits you with a +5 quick blade of draining!!
* * * LOW HITPOINT WARNING * * *
A necromancer comes into view.
It is wielding a +0 dagger and wearing a +1 robe of willpower.
Your spectral spriggan air mage completely misses the spriggan defender.
The spriggan defender closely misses you.
The spriggan defender hits you but does no damage.
The necromancer hits your spectral spriggan air mage with a +0 dagger.
Your spectral spriggan air mage completely misses the spriggan defender.
Aiming: Major Destruction (0% risk of failure)
Press: ? - help, Shift-Dir - straight line, f/p - spriggan defender
Aim: a spriggan defender, wielding a +5 quick blade of draining, wearing a +0 robe and wearing a +0 buckler (severely wounded, lightly drained, ally target)
The bolt of acid hits the spriggan defender!
The acid corrodes the spriggan defender!
The spriggan defender is almost dead.
The spriggan defender hits you with a +5 quick blade of draining.
* * * LOW HITPOINT WARNING * * *
The spriggan defender hits you with a +5 quick blade of draining!
* * * LOW HITPOINT WARNING * * *
The necromancer hits your spectral spriggan air mage with a +0 dagger.
The spriggan defender closely misses you.
You block the spriggan defender's attack.
Your spectral spriggan air mage barely misses the necromancer.
Blink to where?
Press: ? - help, Dir - move target, p - spriggan defender
As you read the scroll of blinking, it crumbles to dust.
The necromancer misses your spectral spriggan air mage.
Your spectral spriggan air mage hits the necromancer!
You block the spriggan defender's attack.
The spriggan defender hits you with a +5 quick blade of draining!!
You die...

,*,,*,,,** **,,,,,.#####..#.#####
,*,,,,,,,***^,,,,,######..#.#####
,**,,,,,,,,,,,,,,,######..#.####.
,,*******,,*******######).#.####.
,,,,,,,,,,,,,,,,,,......>.#...[..
*,***⌠,⌠,,,,,*,,*,.#.....########
,,,,,,∩,,**,,*,,,,...)C)......###
,,,,,⌠,⌠,*****,######p°######.###
**,*,*,,,* *,#@i§.ZZ#* *,*
*,*,***,* *,####.#.# *,* *,*,*
*,* *,* #..#,# *,* *,*,* *,* *,*
#.##,* *,* *,*,* *,* *,**#.**,*
*,* *,*,***,*****,,,..**,* *,*
*,*,,,,,,,,,,,*###**,* *,***
*,*,***,,,,,,,,,,,,,,* *,,,,
*,,,* *,**,,,********* *****


You could see a spriggan defender (corroded, drained, ally target), a
necromancer (ally target), a friendly spectral spriggan air mage and a friendly
spectral rakshasa.

Vanquished Creatures
  Norris (Depths:1)
  A thorn hunter (Swamp:4)
  A tengu reaver (Depths:2)
  5 nagarajas (Snake:4)
  Aizul (Swamp:3)
  2 fenstrider witches
  A fire giant (Depths:2)
  2 frost giants
  4 stone giants
  10 very ugly things
  An ironbound thunderhulk (D:13)
  A spriggan defender (Depths:3)
  2 vampire knights
  An eleionoma (Lair:3)
  2 bunyips
  3 spark wasps (Depths:2)
  Azrael (D:14)
  2 ettins
  A shambling mangrove (Swamp:4)
  3 jiangshi (Depths:2)
  6 anacondas
  4 rakshasas
  7 hydras
  3 spriggan air magi (Depths:3)
  5 salamander tyrants
  2 vault guards (D:13)
  A merfolk avatar (Lair:5)
  9 alligators
  2 catoblepae
  2 ghost crabs
  An ice dragon (Depths:3)
  3 centaur warriors
  3 two-headed ogres
  An anaconda (shapeshifter) (D:15)
  4 tengu warriors
  4 boulder beetles
  A deep troll earth mage (Depths:1)
  15 naga warriors
  3 orc high priests (Orc:2)
  8 death yaks (Lair:5)
  4 shock serpents
  A spriggan berserker (Depths:3)
  An occultist (D:15)
  A vampire mage (Depths:2)
  8 naga sharpshooters
  2 death drakes (Swamp:3)
  5 skysharks
  4 salamander mystics
  6 mana vipers
  3 skeletal warriors
  A swamp dragon (shapeshifter) (D:14)
  3 spriggan druids
  9 swamp dragons
  2 goliath frogs
  An arcanist (D:15)
  3 bog bodies
  An anaconda skeleton (Snake:1)
  4 naga ritualists
  2 glowing orange brains (Depths:2)
  A lindwurm (shapeshifter) (Depths:3)
  An orc knight (D:15)
  Pikel (D:6)
  A harpy (Lair:5)
  3 lindwurms (Swamp:4)
  15 ugly things
  4 deep elf pyromancers
  2 orc sorcerers (Orc:2)
  3 deep elf zephyrmancers (Orc:2)
  6 manticores
  3 oklob plants
  3 will-o-the-wisps
  An elephant (Lair:5)
  10 salamanders
  A cyclops (D:14)
  22 black mambas
  A guardian serpent (Snake:4)
  3 kobold blastminers (Orc:2)
  A torpor snail (Lair:5)
  14 naga magi
  11 cane toads
  6 orange demons (Orc:1)
  A gargoyle (D:14)
  An unseen horror (shapeshifter) (D:15)
  An efreet (D:14)
  2 kobold demonologists
  A spectral sea snake (Snake:1)
  A spectral naga (Snake:1)
  6 komodo dragons
  3 rime drakes
  4 trolls
  A polar bear (Lair:1)
  A spectral guardian serpent (Snake:1)
  3 wind drakes (Lair:5)
  Grinder (D:3)
  A tyrant leech (Swamp:1)
  8 hornets
  15 blink frogs
  14 slime creatures
  A snapping turtle (Lair:5)
  10 dream sheep (Lair:5)
  Sigmund (D:3)
  A water elemental (D:14)
  7 spriggans
  2 wraiths
  5 basilisks
  5 wyverns
  2 fire elementals (D:14)
  A human (D:13)
  A golden eye (Lair:4)
  30 yaks
  2 wargs
  Eustachio (D:6)
  5 steam dragons
  19 vampire mosquitoes
  12 swamp worms
  A swamp worm (shapeshifter) (Depths:2)
  2 acid dragons
  35 nagas
  13 water moccasins
  2 hell hounds (D:14)
  15 orc warriors
  A guardian serpent simulacrum (Snake:1)
  3 sky beasts
  4 swamp drakes
  2 ice beasts
  3 black bears
  2 laughing skulls (D:13)
  A meliai simulacrum (D:14)
  5 ogres
  12 wolves
  A centaur (D:10)
  4 lemures (D:6)
  Blork the orc (D:6)
  2 phantoms (D:5)
  11 bullfrogs
  2 wyvern zombies (D:8)
  5 scorpions
  2 two-headed ogre simulacra (Orc:1)
  8 wights
  An elephant simulacrum (Orc:1)
  6 jellies
  7 killer bees
  2 electric eels
  9 howler monkeys
  4 centaur zombies (D:8)
  2 gnoll boudas (D:6)
  10 iguanas
  29 orc priests
  4 hounds
  Ijyb (D:3)
  21 orc wizards
  A polar bear simulacrum (Orc:1)
  Terence (D:2)
  Robin (D:2)
  3 howler monkey zombies (D:8)
  10 adders
  3 naga simulacra (Snake:1)
  3 white imps
  4 ribbon worms
  3 dart slugs
  70 orcs
  6 bats
  A bat skeleton (D:11)
  A bat zombie (D:11)
  8 endoplasms
  3 giant cockroaches
  20 goblins
  13 hobgoblins
  8 jackals
  12 kobolds
  9 quokkas
  6 ball pythons
  14 frilled lizards
  4 rats
  A fulminant prism (D:14)
910 creatures vanquished.

Vanquished Creatures (collateral kills)
  Mara (Depths:1)
  Nikola (Snake:1)
  3 thorn hunters
  A tengu reaver (Depths:1)
  4 nagarajas (Snake:4)
  A stone giant (Depths:3)
  5 very ugly things
  6 eleionomae
  3 bunyips
  A shambling mangrove (Swamp:4)
  2 ettins
  A salamander tyrant (Snake:3)
  9 hydras
  3 two-headed ogres
  6 alligators
  2 anacondas (Snake:2)
  A centaur warrior (D:14)
  A boulder beetle (D:15)
  5 naga warriors
  3 death yaks (Lair:5)
  A tengu warrior (Depths:1)
  Urug (D:11)
  2 deep troll earth magi (Depths:1)
  6 naga sharpshooters
  A shock serpent (Snake:4)
  An orc high priest (Orc:2)
  Nergalle (Lair:2)
  Sonja (D:11)
  A skyshark (Lair:5)
  4 salamander mystics
  4 skeletal warriors
  A goliath frog (Swamp:3)
  A spectral anaconda (Snake:1)
  An iron troll (Depths:1)
  8 mana vipers
  A bog body (Swamp:4)
  A glowing orange brain (Depths:2)
  6 naga ritualists
  4 deep elf pyromancers (Orc:2)
  8 swamp dragons
  An oklob plant (Lair:4)
  An orc knight (Orc:2)
  10 salamanders
  2 orc sorcerers (Orc:2)
  A manticore (D:15)
  6 ugly things
  2 will-o-the-wisps
  A guardian serpent (Snake:2)
  11 black mambas
  2 cane toads (Lair:5)
  5 naga magi
  Maggie (Lair:2)
  2 spectral sea snakes (Snake:1)
  A rime drake (Lair:5)
  A freezing wraith (D:15)
  A spectral naga (Snake:1)
  2 polar bears
  6 hornets
  A tyrant leech (Swamp:2)
  A spectral guardian serpent (Snake:1)
  4 blink frogs
  5 dream sheep (Lair:5)
  2 slime creatures
  2 guardian serpent skeletons (Snake:1)
  A wyvern (Lair:1)
  2 spriggans (Swamp:3)
  7 yaks
  A basilisk (Lair:2)
  4 wargs
  6 vampire mosquitoes
  5 swamp worms
  5 nagas
  2 hell hounds (D:14)
  A water moccasin (Lair:5)
  5 swamp drakes
  5 orc warriors
  3 ogres
  5 wolves
  A bullfrog (Lair:4)
  A two-headed ogre simulacrum (Orc:1)
  A hornet simulacrum (D:14)
  9 orc priests
  7 orc wizards
  2 spriggan simulacra (Orc:1)
  3 naga simulacra
  15 orcs
  A bat skeleton (D:11)
  2 bat zombies (D:11)
  A ball python (Depths:1)
279 creatures vanquished.

Vanquished Creatures (others)
  A naga ritualist (Snake:3)
  An orc (Orc:2)
  18 foxfires
  116 fulminant prisms
136 creatures vanquished.

Grand Total: 1325 creatures vanquished

Notes
Turn   | Place    | Note
-------+----------+-------------------------------------------
     0 | D:1      | octoduck the Djinni Conjurer began the quest for the Orb.
     0 | D:1      | octoduck set off with the following spells memorised: Magic
                  | Dart, Searing Ray, Fulminant Prism, Iskenderun's Mystic
                  | Blast.
     0 | D:1      | Reached XP level 1. HP: 15/15 MP: 0/0
   195 | D:1      | Reached skill level 1 in Fighting
   195 | D:1      | Reached XP level 2. HP: 21/22 MP: 0/0
   590 | D:1      | Found Riuppowka's Weapon Boutique.
   748 | D:1      | Reached XP level 3. HP: 24/27 MP: 0/0
   748 | D:1      | Learned a level 1 spell: Summon Small Mammal
  1609 | D:2      | Reached XP level 4. HP: 28/33 MP: 0/0
  1749 | D:2      | Noticed Terence
  1820 | D:2      | Noticed Robin
  1826 | D:2      | Killed Robin
  2755 | D:2      | Killed Terence
  2756 | D:2      | Reached XP level 5. HP: 25/40 MP: 0/0
  2756 | D:2      | Learned a level 2 spell: Blink
  2822 | D:3      | Noticed Grinder
  2966 | D:3      | Noticed Sigmund
  3090 | D:3      | Noticed Ijyb
  3097 | D:3      | Killed Ijyb
  3250 | D:4      | Noticed Edmund
  3294 | D:4      | Reached XP level 6. HP: 46/47 MP: 0/0
  3383 | D:4      | Found a staircase to the Ecumenical Temple.
  3392 | Temple   | Entered the Ecumenical Temple
  3401 | Temple   | Became a worshipper of Makhleb the Destroyer
  3765 | D:4      | Reached XP level 7. HP: 52/53 MP: 0/0
  3765 | D:4      | Learned a level 2 spell: Scorch
  4303 | D:4      | Reached * piety under Makhleb
  4446 | D:4      | Reached skill level 5 in Fighting
  4446 | D:4      | Reached skill level 5 in Stealth
  4686 | D:5      | Entered Level 5 of the Dungeon
  4804 | D:5      | Noticed a water moccasin
  4816 | D:5      | Killed a water moccasin
  4817 | D:5      | Reached XP level 8. HP: 27/61 MP: 0/0
  5227 | D:5      | Noticed a yak
  5339 | D:6      | Noticed Eustachio
  5363 | D:6      | Identified the +0 pair of boots of Kuruphem {Rampage Int+5}
  5391 | D:6      | Noticed Blork the orc
  5400 | D:6      | Killed Blork the orc
  6168 | D:6      | Noticed Pikel
  6228 | D:6      | Killed Pikel
  6229 | D:6      | Reached skill level 5 in Dodging
  6229 | D:6      | Reached XP level 9. HP: 70/70 MP: 0/0
  6229 | D:6      | Learned a level 3 spell: Frozen Ramparts
  7044 | D:7      | Found a flagged portal.
  7047 | D:7      | Reached ** piety under Makhleb
  7054 | Bailey   | Entered a bailey
  7283 | D:7      | Found an iron altar of Okawaru.
  7314 | D:7      | Reached XP level 10. HP: 66/78 MP: 0/0
  8413 | D:8      | Reached skill level 10 in Fighting
  8597 | D:8      | Found a basalt altar of Yredelemnul.
  8990 | D:8      | Reached *** piety under Makhleb
  9522 | D:9      | Found a white marble altar of Elyvilon.
  9586 | D:9      | Found a staircase to the Lair.
  9658 | D:9      | Identified the +6 scale mail of Immorality {rF- rC+ MP+9
                  | Int+2}
  9681 | D:9      | Found a broken altar of Ashenzari.
  9681 | D:9      | Found a hide-covered altar of Uskayaw.
  9682 | D:9      | Found a stormy altar of Qazlal.
 10278 | D:9      | Found a runed translucent gate.
 10278 | D:9      | Found a runed translucent gate.
 10278 | D:9      | Found a runed translucent gate.
 10349 | D:9      | Found a shimmering altar of Xom.
 10349 | D:9      | Found a blossoming altar of Fedhas.
 10648 | D:9      | Noticed olddryhag's ghost (novice TrSh)
 10677 | D:9      | Reached XP level 11. HP: 78/87 MP: 0/0
 10677 | D:9      | Learned a level 4 spell: Summon Lightning Spire
 10772 | D:10     | Entered Level 10 of the Dungeon
 10885 | D:10     | Reached skill level 10 in Dodging
 11089 | D:10     | Noticed a two-headed ogre
 11093 | D:10     | Killed a two-headed ogre
 11094 | D:10     | Reached skill level 4 in Air Magic
 11111 | D:10     | Reached skill level 5 in Spellcasting
 11111 | D:10     | Reached skill level 5 in Conjurations
 11111 | D:10     | Reached skill level 5 in Hexes
 11111 | D:10     | Reached skill level 5 in Summonings
 11111 | D:10     | Reached skill level 5 in Necromancy
 11111 | D:10     | Reached skill level 5 in Translocations
 11111 | D:10     | Reached skill level 5 in Fire Magic
 11111 | D:10     | Reached skill level 5 in Ice Magic
 11111 | D:10     | Reached skill level 5 in Air Magic
 11111 | D:10     | Reached skill level 5 in Earth Magic
 11111 | D:10     | Reached skill level 5 in Alchemy
 11286 | D:10     | Reached skill level 6 in Air Magic
 11329 | D:10     | Reached **** piety under Makhleb
 11505 | D:10     | Found a hazy altar of Hepliaklqana.
 11506 | D:10     | Found a snail-covered altar of Cheibriados.
 11521 | D:10     | Noticed a green ugly thing
 11543 | D:10     | Killed a green ugly thing
 11772 | D:6      | Killed Eustachio
 12045 | D:5      | Reached skill level 7 in Air Magic
 12525 | D:3      | Killed Grinder
 12994 | D:3      | Killed Sigmund
 13282 | Lair:1   | Entered Level 1 of the Lair of Beasts
 13584 | Lair:1   | Reached XP level 12. HP: 94/94 MP: 0/0
 13588 | Lair:1   | Reached skill level 8 in Air Magic
 13598 | Lair:1   | Noticed a boulder beetle
 13608 | Lair:1   | Killed a boulder beetle
 13715 | Lair:1   | Reached skill level 1 in Invocations
 13842 | Lair:1   | Reached skill level 9 in Air Magic
 14433 | Lair:2   | Identified the +3 spear of Paqouxag {flame, SInv}
 14492 | Lair:2   | Noticed Nergalle
 14762 | Lair:2   | Noticed a skyshark
 14771 | Lair:2   | Killed a skyshark
 14992 | Lair:2   | Noticed a skyshark
 15005 | Lair:2   | Killed a skyshark
 15077 | Lair:2   | Noticed Maggie
 15196 | Lair:2   | Killed Maggie
 15199 | Lair:2   | Reached skill level 5 in Invocations
 15281 | Lair:2   | Identified the ring of Huppahud {rPois Will+ rCorr SInv}
 15386 | Lair:2   | Killed Nergalle
 15670 | Lair:3   | Noticed a skyshark
 15785 | Lair:3   | Killed a skyshark
 15794 | Lair:3   | Reached ***** piety under Makhleb
 15795 | Lair:3   | Reached XP level 13. HP: 99/100 MP: 0/0
 15795 | Lair:3   | Learned a level 5 spell: Freezing Cloud
 15797 | Lair:3   | Reached skill level 10 in Spellcasting
 15797 | Lair:3   | Reached skill level 10 in Conjurations
 15797 | Lair:3   | Reached skill level 10 in Hexes
 15797 | Lair:3   | Reached skill level 10 in Summonings
 15797 | Lair:3   | Reached skill level 10 in Necromancy
 15797 | Lair:3   | Reached skill level 10 in Translocations
 15797 | Lair:3   | Reached skill level 10 in Fire Magic
 15797 | Lair:3   | Reached skill level 10 in Ice Magic
 15797 | Lair:3   | Reached skill level 10 in Air Magic
 15797 | Lair:3   | Reached skill level 10 in Earth Magic
 15797 | Lair:3   | Reached skill level 10 in Alchemy
 16194 | Lair:3   | Found a staircase to the Snake Pit.
 16332 | Lair:3   | Found a staircase to the Swamp.
 16341 | Lair:3   | Noticed a seven-headed hydra
 16579 | Lair:3   | Killed a seven-headed hydra
 16610 | Lair:3   | Noticed a five-headed hydra
 16615 | Lair:3   | Killed a five-headed hydra
 17147 | Lair:4   | Found a transporter.
 17390 | Lair:4   | Noticed an eight-headed hydra
 17395 | Lair:4   | Noticed yetimobile's ghost (journeyman DjSh)
 17711 | Lair:4   | Reached skill level 11 in Air Magic
 17752 | Lair:4   | Found a transporter.
 18113 | Lair:5   | Entered Level 5 of the Lair of Beasts
 18387 | Lair:5   | Noticed a catoblepas
 18402 | Lair:5   | Killed a catoblepas
 18496 | Lair:5   | Reached XP level 14. HP: 106/106 MP: 0/0
 18668 | Lair:5   | Reached skill level 10 in Invocations
 18881 | Lair:5   | Reached skill level 12 in Air Magic
 19091 | Lair:5   | Identified the +2 scale mail of the Shining Light {Regen+
                  | Str+4}
 19154 | Lair:5   | Upgraded the game from 0.31-a0-1591-g515db51633 to
                  | 0.31-a0-1603-gbec6b6ccbf
 19320 | Lair:5   | Found a staircase to the Slime Pits.
 19881 | Lair:5   | Reached skill level 13 in Air Magic
 19883 | Lair:5   | Reached ****** piety under Makhleb
 20866 | D:11     | Noticed Sonja
 20933 | D:11     | Killed Sonja
 21077 | D:11     | Noticed Urug
 21083 | D:11     | Killed Urug
 21084 | D:11     | Reached XP level 15. HP: 95/112 MP: 0/0
 21084 | D:11     | Learned a level 6 spell: Plasma Beam
 22203 | D:12     | Found a staircase to the Orcish Mines.
 22462 | Orc:1    | Entered Level 1 of the Orcish Mines
 22505 | Orc:1    | Reached skill level 14 in Air Magic
 22623 | Orc:2    | Entered Level 2 of the Orcish Mines
 22744 | Orc:1    | Found a frozen archway.
 22971 | Orc:2    | Reached skill level 1 in Shields
 23202 | Orc:2    | Found a staircase to the Elven Halls.
 24719 | Orc:1    | You are sucked into a shaft and drop 1 floor!
 24866 | Orc:1    | Found Kaazov's Antique Weapon Boutique.
 25142 | Orc:1    | Identified the +8 pearl dragon scales of Space {-Cast -Tele
                  | rElec rN+ Will+++}
 25184 | Orc:2    | Reached skill level 5 in Shields
 25702 | Orc:2    | Found Elaitaur's Antique Armour Boutique.
 25702 | Orc:2    | Found Xeyppuod's Armour Shop.
 25703 | Orc:2    | Found Juman's Magic Scroll Shop.
 25706 | Orc:2    | Found Bunotreb's Assorted Antiques.
 25711 | Orc:2    | Bought 2 scrolls of identify for 48 gold pieces
 25827 | Orc:2    | Upgraded the game from 0.31-a0-1603-gbec6b6ccbf to
                  | 0.31-a0-1626-g5cb510d322
 26155 | Orc:2    | Bought a scroll of blinking for 90 gold pieces
 26777 | D:13     | Found Zemaboad's Antique Armour Shop.
 27080 | D:13     | Identified the +6 lajatang of Tenacity {heavy, *Noise rElec
                  | rF+ SInv}
 27297 | D:13     | Found a gate to the Vaults.
 27360 | D:13     | Found Dony's Antique Weapon Shop.
 27428 | D:13     | Found Wyip's Magic Scroll Boutique.
 27429 | D:13     | Found Ustaf's Assorted Antiques.
 27434 | D:13     | Bought 2 scrolls of identify for 52 gold pieces
 27436 | D:13     | Bought a scroll of identify for 26 gold pieces
 27436 | D:13     | Bought a scroll of identify for 26 gold pieces
 27438 | D:13     | Bought a scroll of torment for 123 gold pieces
 27448 | D:13     | Bought a potion of invisibility for 184 gold pieces
 27513 | D:13     | Reached XP level 16. HP: 100/120 MP: 0/0
 27710 | D:14     | Noticed Azrael
 27717 | D:14     | Killed Azrael
 28598 | D:14     | Identified the +1 chain mail of the Realm of Zot {rF+
                  | Int+3}
 28740 | D:14     | Found a transporter.
 28822 | D:14     | Found a transporter.
 28840 | D:14     | Found Yrhiedd's Weapon Emporium.
 29230 | D:14     | You are sucked into a shaft and drop 1 floor!
 29230 | D:15     | Entered Level 15 of the Dungeon
 30283 | D:15     | Identified the +6 mace "Canla" {elec, rPois rCorr Dex+3
                  | SInv}
 30389 | D:15     | Found a staircase to the Depths.
 31097 | D:15     | Reached skill level 10 in Shields
 31382 | Swamp:1  | Entered Level 1 of the Swamp
 31572 | Lair:3   | Upgraded the game from 0.31-a0-1626-g5cb510d322 to
                  | 0.32-a0-7-ge934b4519a
 32483 | Swamp:1  | Noticed a fenstrider witch
 32495 | Swamp:1  | Killed a fenstrider witch
 32496 | Swamp:1  | Reached XP level 17. HP: 124/129 MP: 0/0
 32496 | Swamp:1  | Learned a level 6 spell: Death Channel
 32839 | Swamp:2  | Noticed a thorn hunter
 32866 | Swamp:2  | Killed a thorn hunter
 33563 | Swamp:3  | Identified the serpent talisman of Tarchi {rC+}
 33563 | Swamp:3  | Noticed Aizul
 33570 | Swamp:3  | Killed Aizul
 34024 | Swamp:3  | Reached skill level 15 in Fighting
 34593 | Swamp:4  | Entered Level 4 of the Swamp
 34593 | Swamp:4  | Noticed a thorn hunter
 34695 | Swamp:4  | Killed a thorn hunter
 34696 | Swamp:4  | Reached XP level 18. HP: 122/138 MP: 0/0
 35069 | Swamp:4  | Got a decaying rune of Zot
 35596 | Orc:2    | Bought a faintly humming troll leather armour for 620 gold
                  | pieces
 35596 | Orc:2    | Identified the +1 troll leather armour "Limuvvan" {rC-
                  | Regen+ Str+3 Int+3} (You bought it in a shop on level 2 of
                  | the Orcish Mines)
 35725 | D:13     | Bought a twisted leather armour for 196 gold pieces
 35725 | D:13     | Identified the +3 leather armour of the Meadowlark {+Inv
                  | rPois Dex-2} (You bought it in a shop on level 13 of the
                  | Dungeon)
 35914 | Snake:1  | Entered Level 1 of the Snake Pit
 35978 | Snake:1  | Noticed Nikola
 36892 | Snake:1  | Killed Nikola
 39181 | Snake:2  | Reached XP level 19. HP: 146/148 MP: 0/0
 39181 | Snake:2  | Learned a level 7 spell: Ozocubu's Refrigeration
 39240 | Snake:2  | Reached skill level 15 in Air Magic
 40826 | Snake:2  | Reached skill level 16 in Air Magic
 41863 | Snake:3  | Reached skill level 17 in Air Magic
 42184 | Snake:4  | Entered Level 4 of the Snake Pit
 42340 | Snake:4  | Reached skill level 15 in Spellcasting
 42340 | Snake:4  | Reached skill level 15 in Conjurations
 42340 | Snake:4  | Reached skill level 15 in Hexes
 42340 | Snake:4  | Reached skill level 15 in Summonings
 42340 | Snake:4  | Reached skill level 15 in Necromancy
 42340 | Snake:4  | Reached skill level 15 in Translocations
 42340 | Snake:4  | Reached skill level 15 in Fire Magic
 42340 | Snake:4  | Reached skill level 15 in Ice Magic
 42340 | Snake:4  | Reached skill level 15 in Earth Magic
 42340 | Snake:4  | Reached skill level 15 in Alchemy
 43033 | Snake:4  | Reached skill level 18 in Air Magic
 43108 | Snake:4  | Reached skill level 19 in Air Magic
 43108 | Snake:4  | Reached XP level 20. HP: 152/155 MP: 0/0
 43971 | Snake:4  | Got a serpentine rune of Zot
 44062 | Snake:4  | Found Ruqiyqil's Book Emporium.
 44062 | Snake:4  | Found Ukemp's Jewellery Shop.
 44063 | Snake:4  | Found Qeryjox's Jewellery Shop.
 44523 | Depths:1 | Entered Level 1 of the Depths
 44532 | Depths:1 | You are sucked into a shaft and drop 1 floor!
 44568 | Depths:2 | Reached skill level 20 in Air Magic
 44951 | Depths:2 | Found a gateway to Hell.
 45062 | Depths:2 | Found a one-way gate leading to the halls of Pandemonium.
 45151 | Depths:2 | Reached skill level 1 in Evocations
 45559 | Depths:2 | Found a shadowy altar of Dithmenos.
 45727 | Depths:1 | Upgraded the game from 0.32-a0-7-ge934b4519a to
                  | 0.32-a0-12-g7fc57aa741
 45933 | Depths:1 | Reached skill level 21 in Air Magic
 45939 | Depths:1 | Noticed Mara
 45944 | Depths:1 | Noticed octoduck's illusion
 45953 | Depths:1 | Killed Mara
 46245 | Depths:1 | Found a shimmering altar of Xom.
 46304 | Depths:1 | Noticed Norris
 46310 | Depths:1 | Killed Norris
 46321 | Depths:1 | Found a one-way gateway to a ziggurat.
 46744 | Depths:2 | Reached skill level 5 in Evocations
 46744 | Depths:2 | Reached XP level 21. HP: 104/161 MP: 0/0
 46744 | Depths:2 | Learned a level 8 spell: Maxwell's Capacitive Coupling
 47317 | Depths:3 | Mangled by a spriggan defender

Illustrated notes

Levels and vault maps discovered:
D:1:      dpeg_arrival_central, layout_loops_corners, serial_shops,
          nicolae_shop_bloodbath_and_beyond
D:2:      layout_loops_corners, serial_forest, infiniplex_forest_end_2,
          infiniplex_forest_clump_tiny, infiniplex_forest_corner_1,
          infiniplex_forest_clump_medium, infiniplex_forest_straight_2,
          corner_web_ring, minivault_24, uniq_terence, uniq_robin
D:3:      layout_loops_corners, minmay_lizard_king, uniq_ijyb, uniq_sigmund,
          uniq_grinder
D:4:      minmay_recursive_quarters, layout_loops_corners,
          minmay_temple_entry_statues_pillars, serial_library_hellmonk_junction,
          minmay_goblin_kobold_house, uniq_edmund
D:5:      minmay_evil_eye, layout_cave_pools, kennysheep_dice
D:6:      layout_gridville, minivault_10, minmay_puff, uniq_blork_the_orc,
          uniq_pikel, uniq_eustachio
D:7:      layout_loops_ring, palyth_temple_overflow_mages, okawaru_trees_2,
          enter_bailey_4, roderic_roman_lattice
D:8:      nicolae_cairo_tiling_large_dashed, layout_basic,
          nicolae_yredelemnul_corpse_copse
D:9:      layout_loops_ring, elyvilon_altar_5, grunt_temple_overflow_open,
          lair_entry_dummy, gammafunk_ghost_icy
D:10:     layout_roguey, nicolae_overflow_two_pavilions
D:11:     layout_basic, minmay_misc_feat_diagonals, st_stairs_1,
          kennysheep_vampire_church, uniq_sonja, uniq_urug
D:12:     layout_roguey, hiddenorc2_lemuel
D:13:     layout_rooms, hellmonk_vaults_keyhole, serial_shops,
          nicolae_shop_real_fake_doors, nicolae_shop_overgrown_old_shop,
          nicolae_shop_rolling_square, nicolae_shop_dealshenge
D:14:     gammafunk_worm_tunnel, layout_cave_pools, vehumet_crystals,
          serial_shops, nicolae_shop_back_alley_shop, serial_bayou_ford_a,
          kennysheep_kite_vault, uniq_azrael
D:15:     hangedman_depths_entry_try_elsewhere_first, layout_basic
Temple:   nicolae_temple_ecumenical_triangle
Lair:1:   layout_chaotic_city
Lair:2:   layout_long_grid, minmay_lair_oklob_items, uniq_nergalle, uniq_maggie
Lair:3:   layout_small_grid, minmay_swamp_entry_reptiles,
          guppyfry_snake_entry_garden
Lair:4:   layout_roguey, gammafunk_ghost_berserking_beasts, disabler_island
Lair:5:   gammafunk_lair_ancient_temple, layout_regular_city,
          nicolae_slime_entry_field_trip, serial_rivers,
          chequers_serial_rivers_small_a, chequers_serial_rivers_micro_c,
          chequers_serial_rivers_marsh, chequers_serial_rivers_large_b,
          nicolae_lair_grazing_beasts [nicolae_sub_lair_graze_edge,
          nicolae_sub_lair_graze_edge, nicolae_sub_lair_graze_edge,
          nicolae_sub_lair_graze_edge]
Swamp:1:  layout_basic_swamp, nicolae_swamp_triple_paths, swamp_pool_1_2
Swamp:2:  layout_falls_marsh, evilmike_swamp_ruin_house_3, swamp_pool_1_2,
          nicolae_swamp_no_escape
Swamp:3:  layout_basic_swamp, nicolae_swamp_trees_clearing, swamp_pool_3,
          hangedman_swamp_double_dragon, uniq_aizul
Swamp:4:  swamp_alternative, layout_basic_swamp
Snake:1:  layout_cave_shapes, nicolae_snake_the_dead_are_slithering,
          grunt_megastairs_4, nicolae_triple_integral, uniq_nikola
Snake:2:  layout_basic, grunt_ministairs_14, nicolae_snake_snakewalk
Snake:3:  layout_rooms
Snake:4:  snake_pit, layout_rooms, drop_trap, grunt_ministairs_12,
          hangedman_snake_pattern, minmay_shop_grove
Orc:1:    layout_caves, portal_ice_cave_entry_ice_simulacra, serial_shops, shop,
          ebering_ghost_reflecting_pool, nicolae_orc_damp_corner,
          einodemon_barbed_minivault
Orc:2:    st_orc_mages, layout_caves, elves_outpost_lemuel
Depths:1: layout_cave_shapes, enter_ziggurat_e, hell_entry,
          chequers_serial_rivers_micro_a, tgw_xom, grunt_megastairs_2,
          uniq_norris, uniq_mara
Depths:2: kennysheep_spiral_hall, layout_gridlike, pan_entry,
          nicolae_dithmenos_shadow_blocks, hell_entry, minmay_staircase_bubble
Depths:3: regret_index_dithmenos_penumbral_divide, layout_basic,
          mu_enter_wizlab_6, minmay_misc_feat_pillars, abyss_entry, hell_entry,
          serial_shops, shop_fountains

Skill      XL: |  1  2  3  4  5  6  7  8  9 10 11 12 13 14 15 16 17 18 19 20 |
---------------+-------------------------------------------------------------+-----
Fighting       | 1 2 3 4 5 8 9 11 12 14 15 17 | 17.6
Stealth        | 2 3 4 5 |  5.8
Dodging        | 5 7 9 10 12 14 | 14.8
Spellcasting   | 7 9 11 12 13 15 17 | 17.5
Conjurations   | 7 9 11 12 13 15 17 | 17.5
Hexes          | 7 9 11 12 13 15 17 | 17.5
Summonings     | 7 9 11 12 13 15 17 | 17.5
Necromancy     | 7 9 11 12 13 15 17 | 17.5
Translocations | 7 9 11 12 13 15 17 | 17.5
Fire Magic     | 7 9 11 12 13 15 17 | 17.5
Ice Magic      | 7 9 11 12 13 15 17 | 17.5
Air Magic      | 7 9 11 13 14 19 21 | 21.4
Earth Magic    | 7 9 11 12 13 15 17 | 17.5
Alchemy        | 7 9 11 12 13 15 17 | 17.5
Invocations    | 6 9 12 13 14 | 14.3
Shields        | 6 11 | 11.1
Evocations     | 5 |  5.6

Action                     |  1- 3 |  4- 6 |  7- 9 | 10-12 | 13-15 | 16-18 | 19-21 || total
---------------------------+-------+-------+-------+-------+-------+-------+-------++-------
  Melee: Dagger            |     6 |     5 |    11 |       |       |       |       ||    22
         Punch             |       |     1 |       |     3 |     2 |       |       ||     6
         Whip              |       |       |    13 |    44 |       |       |       ||    57
         Falchion          |       |       |       |    86 |   145 |    12 |       ||   243
         Mace              |       |       |       |       |       |    84 |    73 ||   157
         Lajatang          |       |       |       |       |       |     1 |       ||     1
  Throw: Dart              |       |       |     2 |       |       |       |       ||     2
   Cast: Magic Dart        |    59 |    68 |   124 |   177 |   299 |    69 |    31 ||   827
         Searing Ray       |     4 |    25 |    47 |    47 |    20 |     2 |       ||   145
         Summon Small Mamm |       |     3 |     3 |       |     2 |       |       ||     8
         Scorch            |       |       |    34 |    24 |    23 |    33 |    12 ||   126
         Fulminant Prism   |       |       |    11 |    40 |    36 |    24 |     6 ||   117
         Frozen Ramparts   |       |       |     8 |    50 |    56 |    19 |    26 ||   159
         Iskenderun's Myst |       |       |       |     4 |     6 |    22 |    15 ||    47
         Summon Lightning  |       |       |       |    33 |    77 |   105 |    42 ||   257
         Freezing Cloud    |       |       |       |       |   110 |   181 |   125 ||   416
         Plasma Beam       |       |       |       |       |    30 |    58 |    69 ||   157
         Death Channel     |       |       |       |       |       |    25 |    31 ||    56
         Ozocubu's Refrige |       |       |       |       |       |       |    12 ||    12
         Maxwell's Capacit |       |       |       |       |       |       |     1 ||     1
 Invoke: Greater Servant o |       |       |       |       |     1 |     1 |       ||     2
         Major Destruction |       |       |       |       |       |       |     2 ||     2
  Evoke: Wand              |       |       |     9 |     2 |     1 |       |     2 ||    14
    Use: Scroll            |     4 |       |     6 |    10 |    16 |     1 |     3 ||    40
         Potion            |       |       |       |       |     2 |     2 |     5 ||     9
   Stab: Sleeping          |       |       |       |     3 |       |     1 |       ||     4
         Distracted        |       |       |       |     1 |     3 |     4 |       ||     8
 Armour: Robe              |     4 |    16 |    96 |    66 |   218 |   171 |   159 ||   730
         Steam dragon scal |       |       |       |   124 |       |       |       ||   124
         Scale mail        |       |       |       |       |     5 |       |       ||     5
  Dodge: Dodged            |     4 |    19 |   126 |   262 |   205 |   132 |   124 ||   872
         Repelled          |       |       |       |       |       |       |     9 ||     9
  Block: Kite shield       |       |       |       |       |    25 |   163 |   172 ||   360

Table legend: (Time is in decaauts)
 A = Elapsed time spent in this place.
 B = Non-inter-level travel time spent in this place.
 C = Inter-level travel time spent in this place.
 D = Time resting spent in this place.
 E = Time spent auto-exploring this place.
 F = Levels seen in this place.
 G = Mean time per level.
                   A        B        C        D        E       F      G
               +--------+--------+--------+--------+--------+-----+--------+
         Total |  47551 |  42469 |   5082 |  14679 |  15992 |  35 | 1358.6 |
       Dungeon |  21422 |  18701 |   2721 |   5865 |   8507 |  15 | 1428.1 |
        Temple |     14 |      2 |     12 |      0 |      0 |   1 |   14.0 |
          Lair |   7625 |   6630 |    995 |   2203 |   2819 |   5 | 1525.0 |
         Swamp |   3851 |   3617 |    234 |   1146 |   1381 |   4 |  962.8 |
     Snake Pit |   8067 |   7450 |    617 |   3409 |   1823 |   4 | 2016.8 |
  Orcish Mines |   3605 |   3227 |    378 |   1368 |    683 |   2 | 1802.5 |
        Depths |   2816 |   2693 |    123 |    672 |    777 |   3 |  938.7 |
        Bailey |    146 |    146 |      0 |     16 |      2 |   1 |  146.0 |
               +--------+--------+--------+--------+--------+-----+--------+

Top non-repeatable levels by time:
 Snake:2: 3042 daAuts
   Orc:2: 2497 daAuts
  Lair:5: 2074 daAuts
 Snake:4: 2023 daAuts
 Snake:1: 2008 daAuts
     D:4: 1926 daAuts
    D:14: 1856 daAuts
Depths:2: 1838 daAuts
    D:15: 1767 daAuts
  Lair:3: 1744 daAuts
     D:7: 1608 daAuts
     D:1: 1599 daAuts
    D:12: 1560 daAuts
  Lair:2: 1557 daAuts
     D:6: 1421 daAuts
